AoeStats
← makeinu

Black Forest

509273270Analyzed
4v4 RM · 7d ago on Sep 26, 2026· 64m 48s· 8 players
Game mode
Random Map
Map size
Large (8 player)
Population
200
Speed
Normal
Resources
Standard
Victory
Conquest
Starting age
Dark Age
Ending age
Imperial Age
RankedLock teamsTeams togetherTeam positionsShared explorationLock speedFull tech treeHidden civsTurbo modeCheats
Victory
Defeat
🇲🇽 Malay · Mexico
1141
+14
🇯🇵 Sicilians · Japan
1135
+14
🇻🇳 Franks · Vietnam
1127
+15
🇲🇽 Teutons · Mexico
1121
+16
🇨🇦 Magyars · Canada
1107
-15
🇫🇮 Celts · Finland
1102
-15
🇵🇪 Hindustanis · Peru
1100
-15
🇰🇼 Varangians · Kuwait
1098
-14
marshall_o18
1:03 Loom
12:11 Feudal Age
18:56 Castle Age
17:23 Double-Bit Axe
30:19 Imperial Age
28:34 Pikeman
29:05 Fishing Lines
29:58 Forging
29:49 Scale Mail Armor
30:36 Gillnets
30:36 Town Watch
32:15 Chemistry
41:13 Arson
41:28 Squires
42:23 Grand Trunk Road
43:26 Chain Mail Armor
43:47 Iron Casting
43:13 Padded Archer Armor
43:04 Fletching
46:51 Gold Mining
FredproQc69
0:31 Loom
11:28 Feudal Age
18:51 Castle Age
17:00 Double-Bit Axe
17:31 Stone Mining
18:15 Horse Collar
22:31 Scale Barding Armor
22:52 Fletching
25:18 Bloodlines
25:20 Heavy Plow
29:36 Wheelbarrow
31:13 Chain Barding Armor
35:49 Imperial Age
34:25 Bow Saw
34:14 Gold Mining
35:10 Padded Archer Armor
35:16 Bodkin Arrow
35:51 Ballistics
36:12 Hand Cart
35:48 Treadmill Crane
37:26 Conscription
37:18 Recurve Bow
37:21 Corvinian Army
37:38 Husbandry
38:39 Parthian Tactics
38:36 Thumb Ring
40:06 Leather Archer Armor
40:28 Heavy Cavalry Archer
42:33 Crop Rotation
42:47 Bracer
43:18 Ring Archer Armor
44:17 Chemistry
46:38 Gold Shaft Mining
46:49 Elite Magyar Huszar
48:16 Plate Barding Armor
Titan
0:26 Loom
Q8.Rasheed2
12:47 Feudal Age
17:26 Castle Age
21:07 Double-Bit Axe
27:27 Wheelbarrow
27:24 Horse Collar
30:49 Imperial Age
29:09 Forging
29:00 Scale Mail Armor
29:05 Loom
30:38 Hand Cart
31:28 Elite Varangian Guard
32:27 Fletching
32:38 Padded Archer Armor
33:08 Town Watch
33:23 Pikeman
34:03 Squires
33:49 Arson
34:12 Town Patrol
34:18 Scale Barding Armor
35:02 Chain Mail Armor
35:21 Halberdier
40:22 Iron Casting
39:42 Bodkin Arrow
41:00 Conscription
43:27 Vendel Legacy
44:43 Plate Mail Armor
44:09 Bodkin Arrow
44:31 Leather Archer Armor
III HAKU II
0:37 Loom
12:12 Feudal Age
12:42 Double-Bit Axe
16:25 Castle Age
18:07 Wheelbarrow
21:22 Horse Collar
22:57 Heavy Plow
23:39 Gold Mining
27:56 Town Watch
28:04 Fletching
28:30 Bow Saw
29:03 Town Patrol
29:02 Bodkin Arrow
30:19 Forging
30:09 Scale Mail Armor
33:36 Imperial Age
32:33 Iron Casting
32:14 Chain Mail Armor
32:31 Ballistics
34:27 Ironclad
33:48 Elite Teutonic Knight
34:30 Onager
35:59 Crop Rotation
37:10 Conscription
37:05 Siege Onager
41:50 Blast Furnace
40:55 Scale Barding Armor
41:21 Plate Mail Armor
41:05 Cavalier
42:02 Bloodlines
42:36 Paladin
43:42 Chain Barding Armor
47:01 Caravan
48:41 Two-Man Saw
52:55 Hand Cart
53:50 Crenellations
59:16 Chemistry
61:36 Spies/Treason
ElMelvin49
0:48 Loom
14:19 Feudal Age
14:50 Fishing Lines
15:09 Gold Mining
17:11 Wheelbarrow
20:41 Castle Age
18:39 Double-Bit Axe
19:19 Horse Collar
20:09 Scale Barding Armor
20:14 Forging
21:06 Pikeman
22:25 Iron Casting
22:43 Fletching
22:49 Stone Mining
25:10 Heavy Plow
26:52 Bodkin Arrow
28:07 Padded Archer Armor
29:22 Squires
30:58 Ballistics
35:05 Imperial Age
34:57 Stone Shaft Mining
34:00 Onager
36:33 Chemistry
36:31 Gold Shaft Mining
36:13 Bow Saw
36:02 Gillnets
38:35 Hand Cart
38:05 Halberdier
39:17 Careening
39:14 Elite Skirmisher
39:58 Bracer
40:14 Leather Archer Armor
41:32 Blast Furnace
42:25 Ring Archer Armor
42:25 Conscription
60:19 Arson
61:38 Spies/Treason
makeinu
7:03 Loom
9:33 Feudal Age
10:19 Double-Bit Axe
12:18 Horse Collar
17:55 Wheelbarrow
20:33 Castle Age
19:04 Gold Mining
22:26 Gold Shaft Mining
22:18 Bow Saw
27:09 Imperial Age
25:40 Fletching
25:50 Padded Archer Armor
26:22 Ballistics
26:42 Crossbowman
27:18 Bodkin Arrow
27:55 Leather Archer Armor
29:17 Chemistry
27:58 Arbalester
28:41 Bracer
30:07 Heavy Plow
32:01 Hand Cart
31:53 Caravan
33:20 Stone Mining
33:47 Town Watch
34:05 Capped Ram
40:25 Siege Ram
tranducnhan15
9:25 Loom
11:48 Feudal Age
17:07 Castle Age
15:57 Double-Bit Axe
16:04 Gold Mining
16:40 Stone Mining
18:36 Bow Saw
19:09 Gold Shaft Mining
20:27 Wheelbarrow
22:05 Hand Cart
29:41 Imperial Age
27:40 Forging
27:56 Scale Barding Armor
29:35 Iron Casting
29:08 Husbandry
30:32 Chain Barding Armor
30:09 Cavalier
31:32 Chivalry
32:15 Paladin
34:05 Caravan
35:32 Plate Barding Armor
35:44 Elite Skirmisher
37:58 Fletching
38:17 Padded Archer Armor
40:53 Chemistry
39:50 Bodkin Arrow
41:34 Leather Archer Armor
43:45 Blast Furnace
Connection lost

Rejoining the realm…

Still unreachable

The connection could not be restored.

Session expired

The server has moved on; the page needs a fresh start.